 Dungeon Crawl Stone Soup version 0.21.0-3-g78d12a8 (webtiles) character file.

222354 Gorglomux the Warrior (level 20, -6/170 HPs)
             Began as a Formicid Gladiator on Jan 9, 2018.
             Was a High Priest of Okawaru.
             Mangled by a catoblepas (9 damage)
             ... led by Polyphemus
             ... on level 4 of the Shoals.
             The game lasted 01:07:23 (34491 turns).

Gorglomux the Warrior (Formicid Gladiator)         Turns: 34491, Time: 01:07:23

Health: -6/170     AC: 31    Str: 27    XL:     20   Next: 0%
Magic:  25/28      EV:  2    Int: 25    God:    Okawaru [*****.]
Gold:   1923       SH:  0    Dex: 12    Spells: 19/19 levels left

rFire    + . .     SeeInvis +   a - +7 broad axe (flame)
rCold    + + +     Gourm    .   F - +0 large shield
rNeg     + + +     Faith    .   i - +8 chain mail of a bailey {*Drain rElec rCorr Int+7}
rPois    ∞         Spirit   .   (helmet unavailable)
rElec    +         Reflect  +   v - scarf {rC+ rF+} {god gift}
rCorr    +         Harm     .   E - +1 pair of gloves "Getu" {rC+ MR+ Int+2}
MR       +++..                  K - +2 pair of boots of Ruobbun {rElec rPois Stlth-}
Stlth    ..........             u - +5 amulet of reflection
HPRegen  0.38/turn              s - ring "Soleroz" {rPois rC+ Int+7}
MPRegen  0.21/turn              y - +3 ring of slaying

@: petrified, heroism, barbed spikes, very slow
A: permanent stasis, dig shafts and tunnels, four strong arms, antennae 3
}: 1/15 runes: serpentine
a: Dig, Shaft Self, Heroism, Finesse, Renounce Religion


You were on level 4 of the Shoals.
You worshipped Okawaru.
Okawaru was extremely pleased with you.
You were not hungry.

You visited 6 branches of the dungeon, and saw 32 of its levels.
You also visited: Ice Cave.

You collected 3818 gold pieces.
You spent 1895 gold pieces at shops.

Inventory:

Hand Weapons
 a - a +7 broad axe of flaming (weapon)
 b - the +6 lajatang "Beetlebane" {god gift, slice, rF+ Str+6}
   (Okawaru gifted it to you on level 3 of the Lair of Beasts)

   It inflicts extra damage upon your enemies.
   It affects your strength (+6).
   It protects you from fire.
 w - a +1 battleaxe of chopping
 W - a +1 executioner's axe of venom {god gift}
Missiles
 Z - 8 throwing nets (quivered)
Armour
 i - the +8 chain mail of a bailey (worn) {*Drain rElec rCorr Int+7}
   (You found it on level 12 of the Dungeon)

   It affects your intelligence (+7).
   It insulates you from electricity.
   It protects you from acid and corrosion.
   It causes draining when unequipped.
 v - a scarf of resistance (worn) {god gift}
 E - the +1 pair of gloves "Getu" (worn) {rC+ MR+ Int+2}
   (You found it on level 1 of the Shoals)

   It affects your intelligence (+2).
   It protects you from cold.
   It affects your resistance to hostile enchantments.
 F - a +0 large shield (worn)
 K - the +2 pair of boots of Ruobbun (worn) {rElec rPois Stlth-}
   (You bought it in a shop on level 13 of the Dungeon)

   It insulates you from electricity.
   It protects you from poison.
   It makes you less stealthy.
Jewellery
 o - a +4 ring of dexterity {unknown}
 r - an uncursed amulet of regeneration
 s - the ring "Soleroz" (left hand) {rPois rC+ Int+7}
   (You bought it in a shop on level 2 of the Orcish Mines)

   [ring of poison resistance]

   It affects your intelligence (+7).
   It protects you from cold.
   It protects you from poison.
 u - a +5 amulet of reflection (around neck)
 y - a +3 ring of slaying (right hand)
Wands
 I - a wand of iceblast (21)
 O - a wand of clouds (5)
 P - a wand of paralysis (37)
Scrolls
 e - 3 scrolls of enchant armour
 h - a scroll of holy word
 j - 6 scrolls of fog
 C - a scroll of enchant weapon
 L - 14 scrolls of remove curse
 M - 3 scrolls of magic mapping
 R - 2 scrolls of identify
 T - 6 scrolls of fear
 X - 2 scrolls of immolation
Potions
 g - 2 potions of invisibility
 k - 3 potions of flight
 p - 2 potions of might
 q - 3 potions of agility
 x - 2 potions of mutation {!q}
 A - 2 potions of magic
 B - 4 potions of brilliance
 D - a potion of resistance
 G - 2 potions of heal wounds
 H - 3 potions of ambrosia
 J - a potion of berserk rage
 N - 7 potions of lignification
 Q - 13 potions of curing
Books
 S - a book of Power

   Spells                             Type                      Level
   a - Iskenderun's Battlesphere      Conjuration/Charms           5
   b - Venom Bolt                     Conjuration/Poison           5
   c - Bolt of Magma                  Conjuration/Fire/Earth       5
   d - Iron Shot                      Conjuration/Earth            6
   e - Orb of Destruction             Conjuration                  7
   f - Spellforged Servitor           Conjuration/Summoning        7
Miscellaneous
 z - a lightning rod (4/4)
 U - a box of beasts
 V - 2 phantom mirrors
 Y - a lamp of fire
Comestibles
 d - 51 rations


   Skills:
 - Level 17.8(22.8) Fighting
 + Level 12.9(17.9) Axes
 - Level 3.0(8.0) Staves
 - Level 2.0(7.0) Throwing
 - Level 17.7(22.7) Armour
 + Level 12.2(17.2) Dodging
 - Level 15.0(20.0) Shields
 - Level 11.1 Invocations
 - Level 6.0 Evocations


You had 19 spell levels left.
You didn't know any spells.

Dungeon Overview and Level Annotations

Branches:
Dungeon (15/15)            Temple (1/1) D:5            Lair (6/6) D:8
 Shoals (4/4) Lair:3        Snake (4/4) Lair:4        Slime (0/5) Lair:6
    Orc (2/2) D:12            Elf (0/3) Orc:2        Vaults (0/5) D:14
 Depths (0/5) D:15

Altars:
Ashenzari
Cheibriados
Dithmenos
Elyvilon
Fedhas
Gozag
Hepliaklqana
Kikubaaqudgha
Makhleb
Nemelex Xobeh
Okawaru
Qazlal
Ru
Sif Muna
Trog
Uskayaw
Vehumet
Wu Jian
Xom
Yredelemnul
Zin
The Shining One
Beogh
Jiyva

Shops:
D:4 :   D:9 *   D:13 [   Orc:2 %=*:   Snake:2 [%

Portals:
Hell: Lair:6

Annotations:
Shoals:4 Polyphemus


Innate Abilities, Weirdness & Mutations

You cannot be hasted, slowed, berserked, paralysed or teleported.
You can dig through walls and to a lower floor.
Your four strong arms can wield two-handed weapons with a shield.
You have a pair of large antennae on your head. (SInv)


Message History

Moving in this stuff is going to be slow!
The merfolk impaler hits you from afar with a trident of piercing!!! * * * don't die * * * x2
The snapping turtle bites you but does no damage!
The catoblepas gores you butt does no damage!
The merfolk siren is no longer petrified!
The merfolk butt-ly misses you!
The butt impaler hits you from afar with a trident of piercing!!! * * * don't die
* * * The merfolk hits you from afar with a trident! * * * don't die
* * * Polyphemus hits you!!!!!! * * * don't die
* * * Polyphemus hits butt but does butt damage!
The water nymph touches you!
The snapping turtle bites you from afar!!! * * * don't die
* * * The merfolk impaler hits you but does no damage!
The catoblepas gores you!!!!!! rip

.....##.............
.....≈.#....(<.......
≈..≈≈..............≈≈≈
...≈.≈≈.....%...∩.≈≈≈≈
....≈≈≈≈≈.......≈≈≈≈≈≈
#...≈≈≈≈......≈≈≈≈≈≈≈
###..≈≈≈≈≈.m.≈≈≈≈≈≈≈≈≈
.....≈≈≈≈Y≈.≈≈≈≈≈≈≈≈≈≈
.....≈≈mmm@.m≈≈≈≈≈≈≈≈≈
#≈...)m)C(§≈≈≈≈≈≈≈≈≈
≈≈#≈..))t...§≈≈≈.≈≈≈
≈≈≈#........≈≈≈..≈≈
≈≈≈≈........≈≈≈...
≈≈≈#....}....≈≈≈..
≈≈#≈.........≈≈≈..
≈#≈..........≈≈≈..
..≈≈≈.......≈≈≈


You could see Polyphemus, a merfolk impaler, a catoblepas, a snapping turtle, 2
merfolk, 2 merfolk sirens and a water nymph.

Vanquished Creatures
  Vashnia (Snake:3)
  Rupert (D:14)
  2 krakens
  Gastronok (D:10)
  Frances (Snake:2)
  Donald (Snake:2)
  Ilsuiw (Shoals:4)
  12 nagarajas
  An orc warlord (Orc:1)
  Aizul (Snake:1)
  Nessos (Orc:2)
  Azrael (Snake:1)
  The ghost of homeworkjunkie the Severer, a journeyman HOFi of Okawaru (D:12)
  Snorg (Lair:6)
  3 merfolk impalers (Shoals:2)
  A yaktaur captain (D:15)
  Josephine (D:11)
  7 hydras
  Erolcha (D:13)
  2 ice dragons (IceCv)
  22 naga warriors
  A hell beast (Lair:6)
  12 anacondas
  An alligator snapping turtle (Shoals:1)
  A merfolk avatar (Shoals:2)
  A satyr (Shoals:3)
  A centaur warrior (D:15)
  The ghost of vogonpoet the Cruncher, a novice MiGl of Okawaru (D:9)
  4 merfolk aquamancers
  2 dancing weapons (D:14)
  3 death yaks
  4 two-headed ogres
  16 naga sharpshooters
  Urug (D:10)
  A tengu warrior (D:15)
  6 shock serpents
  An orc high priest (Orc:2)
  3 salamander mystics
  4 sea snakes
  5 unseen horrors
  10 naga ritualists
  2 wizards
  17 harpies
  An orb spider (shapeshifter) (D:14)
  The ghost of Akransas the Shield-Bearer, a novice FoFi of Okawaru (D:6)
  9 manticores
  5 orc sorcerers (Orc:2)
  12 mana vipers
  5 deep elf magi
  An ugly thing (D:12)
  18 fauns
  A wolf spider (D:15)
  3 salamanders
  8 cyclopes
  A centaur zombie (D:14)
  10 elephants
  4 water nymphs
  7 merfolk sirens
  18 naga magi
  10 guardian serpents
  A smoke demon (Lair:6)
  Psyche (D:9)
  39 black mambas
  2 ice statues (IceCv)
  A torpor snail (Lair:6)
  2 gargoyles
  5 rime drakes
  An orange demon (Lair:6)
  A kobold demonologist (D:14)
  A yaktaur (D:15)
  10 spiny frogs
  11 komodo dragons
  3 ice devils (Lair:6)
  15 merfolk
  2 red devils (Lair:6)
  2 wind drakes (Shoals:1)
  2 polar bears
  9 trolls
  A hornet (D:14)
  A queen bee (Orc:1)
  Prince Ribbit (D:7)
  22 blink frogs
  17 dream sheep
  9 hippogriffs
  7 snapping turtles
  A centaur simulacrum (D:15)
  2 wyverns
  2 shadows
  14 water elementals
  4 wraiths
  32 yaks
  2 vampires
  3 fire elementals
  3 basilisks
  Grum (D:9)
  3 steam dragons
  4 vampire mosquitoes (D:12)
  64 nagas
  5 hell hounds
  12 water moccasins
  11 porcupines
  3 hornet zombies
  21 orc warriors
  A swamp drake (Orc:2)
  17 ice beasts
  9 ogres
  2 black bears
  2 eyes of draining
  A necrophage (D:9)
  22 wolves
  2 phantoms
  12 centaurs
  19 crocodiles
  Blork the orc (D:6)
  5 big kobolds
  19 bullfrogs
  A wyvern zombie (D:12)
  2 gnoll sergeants
  2 wyvern skeletons
  6 scorpions
  30 killer bees
  7 wights
  An electric eel (Lair:3)
  10 howler monkeys
  7 crimson imps
  A jelly (D:7)
  An iron imp (Orc:2)
  18 orc priests
  11 hounds
  2 bullfrog skeletons
  35 orc wizards
  4 centaur skeletons
  4 iguanas
  3 worker ants
  2 worker ant zombies
  A howler monkey skeleton (D:7)
  10 gnolls
  8 adders
  2 shadow imps
  12 white imps (D:14)
  2 oozes (D:3)
  An adder skeleton (D:6)
  A worm (D:2)
  7 leopard geckos
  69 orcs
  2 giant cockroaches
  8 hobgoblins
  14 jackals
  3 quokkas
  2 ball pythons
  6 bats
  3 frilled lizards
  3 goblins
  2 jackal skeletons (D:4)
  28 kobolds
  2 leopard gecko skeletons
  A quokka skeleton (D:4)
  6 rats
  6 plants
  11 tentacles
1096 creatures vanquished.

Vanquished Creatures (others)
  A centaur warrior (D:15)
  A merfolk aquamancer (Shoals:4)
  2 naga sharpshooters
  A faun (Shoals:2)
  A naga (Snake:4)
  An orc priest (Orc:2)
  A worker ant zombie (D:11)
  A white imp (Orc:2)
  2 orcs (Orc:2)
  A bush (Lair:3)
  12 fungi
  11 plants
  10 tentacles
45 creatures vanquished.

Grand Total: 1141 creatures vanquished

Notes
Turn   | Place    | Note
-------+----------+-------------------------------------------
     0 | D:1      | Gorglomux the Formicid Gladiator began the quest for the Orb.
     0 | D:1      | Reached XP level 1. HP: 16/16 MP: 1/1
    51 | D:1      | You fall through a shaft!
   633 | D:1      | Reached skill level 1 in Armour
   633 | D:1      | Reached XP level 2. HP: 23/23 MP: 2/2
   837 | D:1      | Reached skill level 3 in Fighting
   837 | D:1      | Reached XP level 3. HP: 18/29 MP: 3/3
  1785 | D:2      | Reached XP level 4. HP: 32/37 MP: 4/4
  1955 | D:2      | Reached skill level 3 in Armour
  2218 | D:3      | Reached XP level 5. HP: 39/42 MP: 5/5
  2369 | D:3      | Noticed an ice beast
  3273 | D:4      | Noticed a phantom
  3321 | D:4      | Killed a phantom
  3321 | D:4      | Reached XP level 6. HP: 24/51 MP: 6/6
  3647 | D:4      | Found Ufootaov's Book Emporium.
  3661 | D:4      | Noticed an ogre
  3669 | D:4      | Killed an ogre
  3669 | D:4      | Reached XP level 7. HP: 44/57 MP: 7/7
  3859 | D:4      | Reached skill level 6 in Fighting
  4136 | D:5      | Entered Level 5 of the Dungeon
  4281 | D:5      | Reached skill level 6 in Armour
  4397 | D:5      | Found a staircase to the Ecumenical Temple.
  4475 | D:5      | Reached XP level 8. HP: 65/65 MP: 8/8
  4489 | Temple   | Entered the Ecumenical Temple
  4558 | Temple   | Became a worshipper of Warmaster Okawaru
  5464 | D:6      | Reached * piety under Okawaru
  5643 | D:6      | Noticed Blork the orc
  5654 | D:6      | Killed Blork the orc
  5656 | D:6      | Noticed Akransas's ghost (novice FoFi)
  5702 | D:6      | Reached XP level 9. HP: 34/75 MP: 7/9
  5830 | D:6      | Reached skill level 1 in Invocations
  6154 | D:6      | Reached skill level 3 in Invocations
  6297 | D:6      | Killed Akransas's ghost
  6297 | D:6      | Reached ** piety under Okawaru
  6297 | D:6      | Reached skill level 6 in Invocations
  6888 | D:7      | Noticed a hippogriff
  6906 | D:7      | Killed a hippogriff
  6983 | D:7      | Noticed Prince Ribbit
  7003 | D:7      | Killed Prince Ribbit
  7003 | D:7      | Reached skill level 9 in Invocations
  7148 | D:7      | Reached XP level 10. HP: 75/81 MP: 16/16
  7588 | D:7      | Reached *** piety under Okawaru
  8331 | D:8      | Reached skill level 1 in Shields
  8486 | D:8      | Found a staircase to the Lair.
  8906 | D:8      | Noticed a two-headed ogre
  8921 | D:8      | Killed a two-headed ogre
  8921 | D:8      | Reached skill level 9 in Fighting
  8921 | D:8      | Reached skill level 3 in Shields
  8932 | D:8      | Found a deep blue altar of Sif Muna.
  9030 | D:8      | Noticed an unseen horror
  9043 | D:8      | Killed an unseen horror
  9043 | D:8      | Reached skill level 9 in Armour
  9043 | D:8      | Reached XP level 11. HP: 55/89 MP: 19/19
  9104 | D:8      | Reached **** piety under Okawaru
  9112 | D:8      | Received a gift from Okawaru
 10044 | D:9      | Noticed vogonpoet's ghost (novice MiGl)
 10084 | D:9      | Noticed Psyche
 10089 | D:9      | Killed vogonpoet's ghost
 10089 | D:9      | Reached skill level 6 in Shields
 10112 | D:9      | Killed Psyche
 10134 | D:9      | Noticed Grum
 10432 | D:9      | Killed Grum
 10592 | D:9      | Found Ethah's General Store.
 10600 | D:9      | Bought an uncursed amulet of regeneration for 360 gold pieces
 10600 | D:9      | Bought a scroll of identify for 24 gold pieces
 10781 | D:10     | Entered Level 10 of the Dungeon
 10783 | D:10     | Noticed Gastronok
 10811 | D:10     | Killed Gastronok
 10811 | D:10     | Reached ***** piety under Okawaru
 11019 | D:10     | Received a gift from Okawaru
 11019 | D:10     | Reached XP level 12. HP: 78/100 MP: 20/20
 11794 | D:10     | Noticed Urug
 11807 | D:10     | Killed Urug
 12077 | D:11     | Noticed an unseen horror
 12108 | D:11     | Killed an unseen horror
 12108 | D:11     | Reached skill level 9 in Shields
 12182 | D:11     | Noticed Josephine
 12226 | D:11     | Killed Josephine
 12226 | D:11     | Received a gift from Okawaru
 12943 | Lair:1   | Entered Level 1 of the Lair of Beasts
 12964 | Lair:1   | Reached skill level 12 in Fighting
 13111 | Lair:1   | Received a gift from Okawaru
 13111 | Lair:1   | Reached skill level 12 in Armour
 13982 | Lair:2   | Noticed an eight-headed hydra
 14003 | Lair:2   | Killed an eight-headed hydra
 14003 | Lair:2   | Reached XP level 13. HP: 51/109 MP: 15/21
 14464 | Lair:3   | Found a staircase to the Shoals.
 14465 | Lair:3   | Noticed an eight-headed hydra
 14483 | Lair:3   | Killed an eight-headed hydra
 15008 | Lair:3   | Reached ****** piety under Okawaru
 15179 | Lair:3   | Received a gift from Okawaru
 15200 | Lair:3   | Got a blackened lajatang {god gift}
 15201 | Lair:3   | Identified the +6 lajatang "Beetlebane" {god gift, slice, rF+ Str+6} (Okawaru gifted it to you on level 3 of the Lair of Beasts)
 15513 | Lair:4   | Found a staircase to the Snake Pit.
 15738 | Lair:4   | Received a gift from Okawaru
 15748 | Lair:4   | Got a smoking lajatang {god gift}
 15749 | Lair:4   | Identified the +0 lajatang "Deomeyrr" {god gift, slice, rPois Str+2 Dex+4 Stlth-} (Okawaru gifted it to you on level 4 of the Lair of Beasts)
 15921 | Lair:4   | Reached XP level 14. HP: 121/121 MP: 22/22
 16358 | Lair:5   | Reached skill level 15 in Fighting
 16963 | Lair:6   | Entered Level 6 of the Lair of Beasts
 16967 | Lair:6   | Reached skill level 15 in Armour
 17053 | Lair:6   | Received a gift from Okawaru
 17091 | Lair:6   | Noticed Snorg
 17128 | Lair:6   | Killed Snorg
 18005 | Lair:6   | Found a viscous altar of Jiyva.
 18006 | Lair:6   | Found a staircase to the Slime Pits.
 18180 | Lair:6   | Received a gift from Okawaru
 18371 | Lair:6   | Received a gift from Okawaru
 18454 | Lair:6   | Found a burning altar of Makhleb.
 18519 | Lair:6   | Reached XP level 15. HP: 29/132 MP: 20/23
 18699 | Lair:6   | Found a gateway to Hell.
 19178 | D:12     | Received a gift from Okawaru
 19590 | D:12     | Noticed homeworkjunkie's ghost (journeyman HOFi)
 19607 | D:12     | Killed homeworkjunkie's ghost
 19607 | D:12     | Received a gift from Okawaru
 19825 | D:12     | Found a staircase to the Orcish Mines.
 19849 | D:12     | Found a roughly hewn altar of Beogh.
 19878 | D:12     | Got a distressingly furry chain mail
 19889 | D:12     | Identified the +8 chain mail of a bailey {*Drain rElec rCorr Int+7} (You found it on level 12 of the Dungeon)
 20078 | D:13     | Found Xeredat's Antique Armour Boutique.
 20086 | D:13     | Bought a pair of polished boots for 285 gold pieces
 20096 | D:13     | Identified the +2 pair of boots of Ruobbun {rElec rPois Stlth-} (You bought it in a shop on level 13 of the Dungeon)
 20321 | D:13     | Noticed Erolcha
 20332 | D:13     | Killed Erolcha
 21114 | D:14     | Found a frozen archway.
 21149 | IceCv    | Entered an ice cave
 21624 | D:14     | Noticed Rupert
 21642 | D:14     | Killed Rupert
 21742 | D:14     | Found a gate to the Vaults.
 21835 | D:14     | Received a gift from Okawaru
 22106 | D:15     | Entered Level 15 of the Dungeon
 22672 | D:15     | Reached XP level 16. HP: 127/143 MP: 24/24
 22706 | D:15     | Reached skill level 1 in Evocations
 22733 | D:15     | Reached skill level 1 in Axes
 22744 | D:15     | Reached skill level 3 in Dodging
 23211 | D:15     | Found a staircase to the Depths.
 23502 | Orc:1    | Entered Level 1 of the Orcish Mines
 23937 | Orc:1    | Reached skill level 3 in Evocations
 24010 | Orc:2    | Entered Level 2 of the Orcish Mines
 24024 | Orc:2    | Noticed Nessos
 24170 | Orc:2    | Killed Nessos
 24234 | Orc:2    | Found a staircase to the Elven Halls.
 24281 | Orc:2    | Reached skill level 3 in Axes
 24587 | Orc:2    | Found Asuder's Food Boutique.
 24587 | Orc:2    | Found Urieddir's Jewellery Boutique.
 24588 | Orc:2    | Found Saux's Book Shop.
 24591 | Orc:2    | Found Efraseil's Assorted Antiques.
 24595 | Orc:2    | Bought the ring "Soleroz" {rPois rC+ Int+7} for 779 gold pieces
 24630 | Orc:2    | Bought a potion of heal wounds for 180 gold pieces
 24630 | Orc:2    | Bought a scroll of fog for 72 gold pieces
 24657 | Orc:2    | Received a gift from Okawaru
 24965 | Orc:2    | Found a roughly hewn altar of Beogh.
 25536 | Snake:1  | Entered Level 1 of the Snake Pit
 25828 | Snake:1  | Noticed Aizul
 25849 | Snake:1  | Killed Aizul
 26145 | Snake:1  | Noticed Azrael
 26160 | Snake:1  | Killed Azrael
 26293 | Snake:1  | Received a gift from Okawaru
 26588 | Snake:2  | Noticed Frances
 26600 | Snake:2  | Killed Frances
 26676 | Snake:2  | Noticed Donald
 26694 | Snake:2  | Killed Donald
 26694 | Snake:2  | Reached skill level 6 in Evocations
 26694 | Snake:2  | Reached XP level 17. HP: 116/149 MP: 18/25
 26748 | Snake:2  | Reached skill level 6 in Dodging
 26813 | Snake:2  | Reached skill level 6 in Axes
 26849 | Snake:2  | HP: 4/149 [black mamba (11)]
 27353 | Snake:2  | Found Reacvys's Antique Armour Emporium.
 27361 | Snake:2  | Bought a pair of glowing gloves for 195 gold pieces
 27372 | Snake:2  | Found Huud's Food Emporium.
 27569 | Snake:2  | Reached skill level 12 in Shields
 27573 | Snake:2  | Received a gift from Okawaru
 27884 | Snake:2  | Got a dazzling broad axe {god gift}
 27885 | Snake:2  | Identified the +4 broad axe "Cookie Cutter" {god gift, freeze, rElec rPois Str+2 Int-5} (Okawaru gifted it to you on level 2 of the Snake Pit)
 28174 | Snake:3  | Noticed Vashnia
 28218 | Snake:3  | Killed Vashnia
 28550 | Snake:3  | Received a gift from Okawaru
 28951 | Snake:3  | Reached XP level 18. HP: 146/156 MP: 26/26
 29528 | Snake:4  | Entered Level 4 of the Snake Pit
 29850 | Snake:4  | Received a gift from Okawaru
 29897 | Snake:4  | Reached skill level 9 in Axes
 30095 | Snake:4  | Reached skill level 9 in Dodging
 31277 | Snake:4  | Received a gift from Okawaru
 31314 | Snake:4  | Got a serpentine rune of Zot
 31466 | Snake:4  | Reached XP level 19. HP: 137/163 MP: 25/27
 32152 | Shoals:1 | Entered Level 1 of the Shoals
 32210 | Shoals:1 | Reached skill level 15 in Shields
 32356 | Shoals:1 | Got a pair of jewelled gloves
 32367 | Shoals:1 | Identified the +1 pair of gloves "Getu" {rC+ MR+ Int+2} (You found it on level 1 of the Shoals)
 33195 | Shoals:2 | Received a gift from Okawaru
 33601 | Shoals:2 | Reached skill level 12 in Axes
 34259 | Shoals:3 | Reached skill level 12 in Dodging
 34263 | Shoals:3 | Received a gift from Okawaru
 34452 | Shoals:4 | Entered Level 4 of the Shoals
 34459 | Shoals:4 | Noticed Ilsuiw
 34467 | Shoals:4 | Noticed Polyphemus
 34479 | Shoals:4 | Killed Ilsuiw
 34481 | Shoals:4 | Reached XP level 20. HP: 143/170 MP: 23/28
 34491 | Shoals:4 | HP: 7/170 [Polyphemus (9)]
 34491 | Shoals:4 | HP: 3/170 [snapping turtle (4)]
 34491 | Shoals:4 | Mangled by a catoblepas

Skill      XL: |  1  2  3  4  5  6  7  8  9 10 11 12 13 14 15 16 17 18 19 |
---------------+----------------------------------------------------------+-----
Armour         | 1 2 3 4 5 6 7 9 10 12 14 16 17 | 17.7
Fighting       | 3 4 5 6 8 9 11 12 14 16 17 | 17.8
Invocations    | 9 11 | 11.1
Shields        | 4 8 9 11 13 14 15 | 15.0
Evocations     | 6 |  6.0
Axes           | 5 8 10 12 | 12.9
Dodging        | 5 8 10 12 | 12.2
Staves         | |  3.0
Throwing       | |  2.0

Action                   |  1- 3 |  4- 6 |  7- 9 | 10-12 | 13-15 | 16-18 | 19-21 || total
-------------------------+-------+-------+-------+-------+-------+-------+-------++-------
Melee: Quarterstaff      |    75 |       |    17 |       |       |       |       ||    92
       Dagger            |    20 |   140 |   334 |   946 |   328 |       |       ||  1768
       Lajatang          |       |       |       |       |   809 |   758 |       ||  1567
       Broad axe         |       |       |       |       |    10 |   434 |   441 ||   885
       Battleaxe         |       |       |       |       |       |    13 |    10 ||    23
Throw: Throwing net      |     1 |       |       |       |       |     3 |       ||     4
Invok: Heroism           |       |       |     9 |    24 |    21 |    28 |    12 ||    94
       Finesse           |       |       |       |     2 |     7 |    15 |     2 ||    26
 Abil: Dig               |     1 |     1 |     5 |     6 |    10 |    24 |     2 ||    49
       Shaft Self        |     1 |       |       |       |       |       |       ||     1
Evoke: Wand              |       |       |       |     3 |     1 |     2 |       ||     6
       Lightning rod     |       |       |       |       |       |     4 |       ||     4
  Use: Scroll            |       |       |     1 |    11 |    24 |     7 |     1 ||    44
       Potion            |       |       |       |     6 |     1 |     3 |       ||    10
 Stab: Invisible         |       |       |       |     2 |       |       |       ||     2
       Confused          |       |       |       |       |       |     3 |       ||     3
       Held in net/web   |       |       |       |       |       |     1 |       ||     1
  Eat: Chunk             |     3 |     5 |    13 |    24 |    31 |    14 |    10 ||   100
       Ration            |       |       |       |       |       |     6 |       ||     6
Armor: Leather armour    |    36 |    22 |    45 |       |       |       |       ||   103
       Chain mail        |       |       |    54 |   327 |   524 |   353 |   163 ||  1421
Dodge: Dodged            |    80 |    77 |   142 |   283 |   455 |   369 |   161 ||  1567
Block: Shield            |       |       |    68 |   493 |   854 |   558 |       ||  1973
       Reflection        |       |       |       |       |     4 |   131 |    63 ||   198
       Large shield      |       |       |       |       |       |   868 |   628 ||  1496
